 Dungeon Crawl Stone Soup version 0.31.0-11-ge490571c62 (webtiles) character file.

Game seed: 11671512067494210199

2708 qw the Skirmisher (level 9, -18/45 HPs)
             Began as a Spriggan Hunter on Feb 4, 2024.
             Was an Initiate of Okawaru.
             Killed from afar by Erica (24 damage)
             ... with a bolt of poison
             ... on level 7 of the Dungeon.
             The game lasted 00:01:23 (5789 turns).

qw the Skirmisher (Spriggan Hunter)                 Turns: 5789, Time: 00:01:24

Health: -18/45     AC: 10    Str:  7    XL:     9   Next: 39%
Magic:  11/12      EV: 28    Int: 11    God:    Okawaru [......]
Gold:   112        SH:  0    Dex: 22    Spells: 8/8 levels left

rFire   . . .        a - +2 shortbow (chaos)
rCold   . . .        (shield currently unavailable)
rNeg    . . .        m - +3 steam dragon scales
rPois   .            (helmet restricted)
rElec   .            f - +0 cloak of Yteoxt {SInv}
rCorr   .            (gloves unavailable)
SInv    +            (boots unavailable)
Will    +....        (no amulet)
Stlth   ++++         (no ring)
HPRegen 0.27/turn    (no ring)
MPRegen 0.13/turn

%: no passive effects
@: lethally poisoned (-18 -> -57), about to teleport, heroic, constricted, very
quick
A: very small, no large weapons, unfitting armour, see invisible, speed 3
a: Renounce Religion


You were on level 7 of the Dungeon.
You worshipped Okawaru.
Okawaru was noncommittal.
You visited 2 branches of the dungeon, and saw 9 of its levels.

You collected 430 gold pieces.
You spent 318 gold pieces at shops.


Innate Abilities, Weirdness & Mutations

You are very small and have problems with some larger weapons.
You are too small for most types of armour.
You have supernaturally acute eyesight. (SInv)
You cover ground extremely quickly. (Speed+++)


   Skills:
 - Level 3.9(8.9) Fighting
 - Level 10.0(15.0) Ranged Weapons
 - Level 1.6(6.6) Armour
 + Level 9.3(14.3) Dodging
 - Level 1.5(6.5) Stealth
 - Level 3.1 Invocations


You had 8 spell levels left.
You didn't know any spells.
Your spell library was empty.

Inventory:

Hand Weapons
 a - a +2 shortbow of chaos (weapon)
Armour
 f - the +0 cloak of Yteoxt (worn) {SInv}
   (You found it on level 3 of the Dungeon)

   SInv:      It lets you see invisible.
 m - +3 steam dragon scales (worn)
Wands
 b - a wand of charming (11)
 l - a wand of roots (22)
Potions
 e - a potion of mutation {unknown}
 g - 2 potions of might
 i - a potion of haste {unknown}
 j - a potion of heal wounds

Dungeon Overview and Level Annotations

Branches:
Dungeon (8/15)             Temple (1/1) D:5
   Lair: D:8-11

Altars:
Ashenzari
Cheibriados
Dithmenos
Elyvilon
Fedhas
Gozag
Hepliaklqana
Kikubaaqudgha
Makhleb
Nemelex Xobeh
Okawaru
Qazlal
Ru
Sif Muna
Trog
Uskayaw
Vehumet
Wu Jian
Xom
Zin
The Shining One

Shops:
D:6 ?

Annotations:
D:7 Erica


Message History

Erica misses you. Erica grabs you. Erica constricts you.
You shoot an arrow. The arrow hits Erica!
You feel better.
Erica is moderately wounded.
Erica hits you with a +0 scimitar of flaming!
Erica burns you. Erica constricts you.
You shoot an arrow. The arrow misses Erica.
You shoot an arrow. The arrow hits Erica.
The arrow freezes Erica.
Erica is moderately wounded.
Erica completely misses you. Erica constricts you.
You shoot an arrow. The arrow hits Erica.
You drain Erica.
Erica is heavily wounded.
Erica completely misses you. Erica constricts you.
You shoot an arrow. The arrow closely misses Erica.
You shoot an arrow. The arrow misses Erica.
Erica writhes her tentacles angrily.
Erica completely misses you. Erica constricts you.
You shoot an arrow. The arrow hits Erica!
The arrow burns Erica.
Erica is severely wounded.
Erica misses you. Erica constricts you.
You shoot an arrow. The arrow hits Erica.
The arrow freezes Erica.
Erica is almost dead.
Erica stares at you and mumbles some strange words.
The bolt of poison hits you.
You are lethally poisoned!
Erica constricts you.
You shoot an arrow. The arrow barely misses Erica.
You feel very sick.
You shoot an arrow. The arrow misses Erica.
You feel very sick. Erica completely misses you. Erica constricts you.
5789 ||| READING scroll of teleportation.
As you read the scroll of teleportation, it crumbles to dust.
You feel strangely unstable.
You feel very sick. Erica casts a spell at you. The bolt of poison hits you!!
You are more poisoned.
Ouch! That really hurt!
You die...
Erica begins burbling mirthfully and uncontrollably.

#####.#.######
#.....#......#
#>##########.# #.# #.#
#.##########.#
#.........##.###
#########.##...#
#[####.###########
#x@)........#....#
######%[..######.#....#
#.........#### #.#....#
#.#####).....# #......#
#.....#......#
###....##
#####.#..[...# #......
#.#....).# #....##
#.#......#####...)##
#.#.....<...........


You could see Erica (invisible, drained).

Vanquished Creatures
  Maggie (D:6)
  Psyche (D:8)
  A steam dragon (D:7)
  Grum (D:7)
  3 orc warriors
  4 ice beasts
  An ogre (D:4)
  4 wolves (D:7)
  A phantom (D:6)
  2 scorpions
  4 wights
  A bombardier beetle (D:6)
  3 hounds
  A jelly (D:7)
  2 orc priests (D:7)
  A sleepcap (D:5)
  6 iguanas
  2 orc wizards (D:6)
  4 adders
  A shadow imp (D:4)
  A white imp (D:5)
  4 dart slugs
  A ribbon worm (D:4)
  22 orcs
  5 endoplasms
  5 giant cockroaches
  7 goblins
  7 hobgoblins
  3 quokkas
  6 ball pythons
  5 bats
  A frilled lizard (D:1)
  5 kobolds
  4 rats
120 creatures vanquished.

Vanquished Creatures (others)
  An orc (D:8)
1 creature vanquished.

Grand Total: 121 creatures vanquished

Notes
Turn   | Place    | Note
-------+----------+-------------------------------------------
     0 | D:1      | qw the Spriggan Hunter began the quest for the Orb.
     0 | D:1      | Reached XP level 1. HP: 10/10 MP: 2/2
     0 | D:1      | 0 ||| qw: Version: 0.3-a-160-g6735b56
     0 | D:1      | 0 ||| qw: Game counter: 5854
     0 | D:1      | 0 ||| qw: Melee chars always use a shield: true
     0 | D:1      | 0 ||| qw: God list: Okawaru
     0 | D:1      | 0 ||| qw: Allow faded altars: false
     0 | D:1      | 0 ||| qw: Do Orc after clearing Dungeon:15 true
     0 | D:1      | 0 ||| qw: Do second Lair branch before Depths: true
     0 | D:1      | 0 ||| qw: Lair rune preference: random
     0 | D:1      | 0 ||| qw: Goals: Normal
     0 | D:1      | 0 ||| PLANNING D:1-11
    64 | D:1      | Reached skill level 3 in Dodging
   127 | D:1      | Reached XP level 2. HP: 14/14 MP: 3/3
   985 | D:1      | 985 ||| READING scroll labelled SEUNAP POCISMU.
   986 | D:1      | 986 ||| READING scroll labelled PAL EVYLISMIJO.
   986 | D:1      | 986 ||| IDENTIFYING smoky clear potion
   987 | D:1      | 987 ||| DRINKING 2 bubbling white potions.
  1025 | D:1      | 1025 ||| DROPPING scroll of butterflies.
  1026 | D:1      | 1026 ||| DROPPING potion of ambrosia.
  1027 | D:1      | 1027 ||| DROPPING potion of lignification.
  1071 | D:2      | Reached XP level 3. HP: 18/18 MP: 4/4
  1355 | D:2      | 1355 ||| READING 2 scrolls of identify.
  1355 | D:2      | 1355 ||| IDENTIFYING golden potion
  1356 | D:2      | 1356 ||| READING scroll of identify.
  1356 | D:2      | 1356 ||| IDENTIFYING sapphire potion
  1357 | D:2      | 1357 ||| READING scroll labelled SEINYUCUCK.
  1362 | D:2      | 1362 ||| READING scroll labelled WEETAESOFIS.
  1362 | D:2      | 1362 ||| ENCHANTING +0 shortbow.
  1363 | D:2      | 1363 ||| READING 2 scrolls labelled DOYNWI NECS.
  1363 | D:2      | 1363 ||| ENCHANTING +1 shortbow.
  1364 | D:2      | 1364 ||| DROPPING potion of attraction.
  1520 | D:3      | Reached skill level 5 in Ranged Weapons
  1776 | D:3      | Identified the +0 cloak of Yteoxt {SInv}
  2014 | D:3      | 2014 ||| UPGRADING to +0 cloak of Yteoxt {SInv}.
  2019 | D:3      | 2019 ||| READING 2 scrolls of identify.
  2019 | D:3      | 2019 ||| IDENTIFYING emerald potion
  2020 | D:3      | 2020 ||| READING scroll of identify.
  2020 | D:3      | 2020 ||| IDENTIFYING murky orange potion
  2021 | D:3      | 2021 ||| READING scroll labelled LOVVINLOEFA.
  2022 | D:3      | 2022 ||| DRINKING 2 puce potions.
  2023 | D:3      | 2023 ||| DROPPING potion of berserk rage.
  2024 | D:3      | 2024 ||| DROPPING potion of magic.
  2055 | D:4      | Noticed a scorpion
  2059 | D:4      | Killed a scorpion
  2060 | D:4      | Reached XP level 4. HP: 22/22 MP: 5/5
  2080 | D:4      | Reached XP level 5. HP: 26/26 MP: 6/6
  2100 | D:4      | 2100 ||| READING scroll of enchant weapon.
  2100 | D:4      | 2100 ||| ENCHANTING +1 shortbow.
  2961 | D:4      | 2961 ||| DROPPING ring of flight.
  2962 | D:4      | 2962 ||| READING scroll of identify.
  2962 | D:4      | 2962 ||| IDENTIFYING yellow potion
  2963 | D:4      | 2963 ||| DROPPING potion of brilliance.
  3007 | D:5      | Entered Level 5 of the Dungeon
  3007 | D:5      | Noticed an ogre
  3008 | D:5      | Noticed an ice beast
  3011 | D:5      | 3011 ||| STAIRDANCE
  3017 | D:4      | Killed an ogre
  3018 | D:4      | Reached skill level 6 in Ranged Weapons
  3018 | D:4      | Reached XP level 6. HP: 30/30 MP: 7/7
  3028 | D:5      | Killed an ice beast
  3029 | D:5      | Reached skill level 6 in Dodging
  3193 | D:5      | Reached skill level 7 in Ranged Weapons
  3193 | D:5      | Reached XP level 7. HP: 35/35 MP: 8/8
  3260 | D:5      | Found a staircase to the Ecumenical Temple.
  3261 | D:5      | 3261 ||| PLANNING TEMPLE
  3267 | Temple   | Entered the Ecumenical Temple
  3268 | Temple   | 3268 ||| PLANNING D:1-11
  3346 | D:5      | Found a glowing golden altar of the Shining One.
  3346 | D:5      | Found a bloodstained altar of Trog.
  3347 | D:5      | Found a radiant altar of Vehumet.
  3361 | D:5      | Found a glowing silver altar of Zin.
  3625 | D:5      | 3625 ||| READING scroll labelled QETZUE ZUESHRU.
  3626 | D:5      | 3626 ||| DRINKING 2 pink potions.
  4031 | D:6      | HP: 8/35 [orc/+0 hand axe (6)]
  4032 | D:6      | Reached skill level 8 in Ranged Weapons
  4032 | D:6      | 4032 ||| READING scroll of teleportation.
  4033 | D:6      | 4033 ||| DRINKING potion of heal wounds.
  4135 | D:6      | Found Nais's Magic Scroll Shoppe.
  4139 | D:6      | 4139 ||| BUYING scroll of brand weapon (114 gold).
  4139 | D:6      | Bought a scroll of brand weapon for 114 gold pieces
  4139 | D:6      | 4139 ||| BUYING scroll of brand weapon (114 gold).
  4139 | D:6      | Bought a scroll of brand weapon for 114 gold pieces
  4139 | D:6      | 4139 ||| BUYING scroll of enchant armour (90 gold).
  4139 | D:6      | Bought a scroll of enchant armour for 90 gold pieces
  4139 | D:6      | 4139 ||| SHOPLISTING scroll of enchant armour (90 gold,
                  | have 16).
  4139 | D:6      | 4139 ||| SHOPLISTING scroll of identify (24 gold, have 16).
  4139 | D:6      | 4139 ||| SHOPLISTING scroll of teleportation (36 gold, have
                  | 16).
  4139 | D:6      | 4139 ||| READING 2 scrolls of brand weapon.
  4139 | D:6      | 4139 ||| BRANDING +2 shortbow.
  4140 | D:6      | 4140 ||| READING scroll of brand weapon.
  4140 | D:6      | 4140 ||| BRANDING +2 shortbow of freezing.
  4144 | D:6      | Noticed Maggie
  4155 | D:6      | Killed Maggie
  4156 | D:6      | Reached skill level 3 in Fighting
  4156 | D:6      | Reached XP level 8. HP: 42/42 MP: 9/9
  4333 | D:6      | 4333 ||| UPGRADING to +0 steam dragon scales.
  4343 | D:6      | 4343 ||| DROPPING +0 robe.
  4344 | D:6      | 4344 ||| READING 3 scrolls of enchant armour.
  4344 | D:6      | 4344 ||| ENCHANTING +0 steam dragon scales.
  4345 | D:6      | 4345 ||| READING 2 scrolls of enchant armour.
  4345 | D:6      | 4345 ||| ENCHANTING +1 steam dragon scales.
  4346 | D:6      | 4346 ||| READING scroll of enchant armour.
  4346 | D:6      | 4346 ||| ENCHANTING +2 steam dragon scales.
  4347 | D:6      | 4347 ||| READING scroll of identify.
  4347 | D:6      | 4347 ||| IDENTIFYING white potion
  4348 | D:6      | 4348 ||| DROPPING potion of degeneration.
  4422 | D:7      | Found an ornate altar of the Wu Jian Council.
  4534 | D:7      | Found an iron altar of Okawaru.
  4535 | D:7      | 4535 ||| PLANNING OKAWARU WORSHIP
  4548 | D:7      | Became a worshipper of Warmaster Okawaru
  4549 | D:7      | 4549 ||| PLANNING D:1-11
  4622 | D:7      | Reached skill level 9 in Ranged Weapons
  4697 | D:7      | Reached skill level 1 in Armour
  4745 | D:7      | 4745 ||| FLEEEEING.
  4746 | D:7      | 4746 ||| FLEEEEING.
  4747 | D:7      | 4747 ||| FLEEEEING.
  4750 | D:7      | 4750 ||| FLEEEEING.
  4765 | D:7      | 4765 ||| FLEEEEING.
  4766 | D:7      | 4766 ||| FLEEEEING.
  4768 | D:7      | 4768 ||| FLEEEEING.
  4769 | D:7      | 4769 ||| FLEEEEING.
  4770 | D:7      | 4770 ||| FLEEEEING.
  5014 | D:7      | Identified the +9 mace of Zazautig {freeze, +Blink}
  5326 | D:7      | 5326 ||| READING scroll labelled VEOGIO MALA.
  5327 | D:7      | 5327 ||| READING scroll labelled ZOBILY REIV.
  5329 | D:7      | 5329 ||| Stepping ~*~*~tactically~*~*~ (cloud).
  5459 | D:8      | Noticed Grum
  5460 | D:8      | 5460 ||| STAIRDANCE
  5464 | D:8      | 5464 ||| STAIRDANCE
  5466 | D:7      | 5466 ||| RETREEEEATING.
  5467 | D:7      | 5467 ||| RETREEEEATING.
  5478 | D:7      | Reached skill level 9 in Dodging
  5479 | D:7      | Reached XP level 9. HP: 16/45 MP: 10/10
  5484 | D:7      | Killed Grum
  5484 | D:7      | Reached * piety under Okawaru
  5590 | D:8      | 5590 ||| STAIRDANCE
  5604 | D:7      | Reached skill level 1 in Invocations
  5695 | D:8      | Noticed Psyche
  5696 | D:8      | 5696 ||| STAIRDANCE
  5701 | D:8      | 5701 ||| STAIRDANCE
  5717 | D:8      | 5717 ||| DRINKING potion of curing.
  5717 | D:8      | 5717 ||| (to cure confusion)
  5718 | D:8      | 5718 ||| INVOKING Heroism.
  5724 | D:8      | Killed Psyche
  5725 | D:8      | Reached skill level 10 in Ranged Weapons
  5742 | D:8      | Noticed Erica
  5743 | D:8      | 5743 ||| INVOKING Heroism.
  5744 | D:8      | Noticed a two-headed ogre
  5744 | D:8      | 5744 ||| STAIRDANCE
  5749 | D:7      | Reached skill level 3 in Invocations
  5774 | D:8      | 5774 ||| STAIRDANCE
  5776 | D:7      | 5776 ||| INVOKING Heroism.
  5788 | D:7      | HP: 11/45 [poisoned by Erica (bolt of poison)]
  5789 | D:7      | 5789 ||| READING scroll of teleportation.
  5789 | D:7      | Killed from afar by Erica

Levels and vault maps discovered:
D:1:      saegor_arrival_fortress, layout_basic
D:2:      layout_rooms, amcnicky_mini_rare_corridor_liquid
D:3:      wad_crossroads, layout_loops_ring, hangedman_decor_diamond_cutter
D:4:      layout_basic, skrybe_limestone_x, dk_noncrumbling_3
D:5:      layout_rooms, nicolae_overflow_quartered_altars,
          minmay_temple_entry_overgrown
D:6:      layout_loops_ring, serial_shops, shop, uniq_maggie
D:7:      layout_basic, okawaru_gym_becter, pdpol_wu_jian_five_deadly_venoms
D:8:      layout_loops_ring, minmay_manual_maat, uniq_grum, uniq_erica,
          uniq_pikel, uniq_psyche
Temple:   minmay_freezing_vapour_temple

Skill      XL: |  1  2  3  4  5  6  7  8  9 |
---------------+----------------------------+-----
Dodging        | 3 4 5 6 7 9 |  9.3
Ranged Weapons | 5 6 7 8 9 10 | 10.0
Fighting       | 2 3 |  3.9
Armour         | 1 |  1.6
Invocations    | 3 |  3.1
Stealth        | |  1.5

Action                     |  1- 3 |  4- 6 |  7- 9 || total
---------------------------+-------+-------+-------++-------
   Fire: Shortbow          |   102 |    86 |   237 ||   425
 Invoke: Heroism           |       |       |     3 ||     3
    Use: Scroll            |    10 |     2 |    11 ||    23
         Potion            |     2 |       |     3 ||     5
 Armour: Robe              |     5 |    12 |    12 ||    29
         Steam dragon scal |       |       |    32 ||    32
  Dodge: Dodged            |    16 |    40 |   162 ||   218

Table legend:
 A = Non-vault XP
 B = Vault XP
 C = Vault XP percentage of total XP
 D = Non-vault monster count
 E = Vault monster count
 F = Vault count percentage of total count
                 A         B        C        D         E       F
            +---------+---------+-------+---------+---------+-------
      Total |    2489 |    1380 |  35.7 |     107 |      11 |   9.3
            +---------+---------+-------+---------+---------+-------
        D:1 |      39 |       0 |   0.0 |      22 |       0 |   0.0
        D:2 |      32 |       0 |   0.0 |      11 |       0 |   0.0
        D:3 |      11 |       7 |  38.9 |       6 |       4 |  40.0
        D:4 |     388 |       0 |   0.0 |      20 |       0 |   0.0
        D:5 |     363 |       0 |   0.0 |      10 |       0 |   0.0
        D:6 |     452 |     389 |  46.3 |      16 |       1 |   5.9
        D:7 |    1134 |     644 |  36.2 |      21 |       5 |  19.2
        D:8 |      70 |     340 |  82.9 |       1 |       1 |  50.0
            +---------+---------+-------+---------+---------+-------
